Workbook
Name E: #REF!
Name F: #REF!
Name Z: #REF!

Sheet Site Info
A1: AHTF Application: Site Info | J1: #VALUE!
A2: Project Name: | H2: Project County:
A3: Project Tenant Population:
A5: Property Address | B5: Municipality | C5: Zip Code | D5: Block | E5: Lot | F5: # Units | G5: Construction Type | H5: Building Type | I5: Residential Square Footage | J5: Gross Square Footage | K5: Census Tract | L5: QCT or DDA | M5: Urban Aid Muni | N5: Approved Plan
E16: Total | F16: =SUM(F6:F15) -> 0 | I16: =SUM(I6:I15) -> 0 | J16: =SUM(J6:J15) -> 0

Sheet Construction Budget Summary
A1: AHTF Application: Construction Budget Summary | C1: #VALUE!
A2: ='Site Info'!B2 -> 0
A3: 1. Are architectural drawings required for the proposed work?
A4: 2. Is this Cost Estimate based on final approved architectural drawings?
A5: 3. Is this Cost Estimate based on a Preliminary or Final Estimate?
A6: 4. What is the level of construction work to be undertaken?
A7: 5. Will the project be rehabilitated or constructed and certified Energy Star?
A9: 6. What is the typical square footage for each unit based on bedroom size? If units vary in size, enter in the average square footage for each unit type. Ex. If Layout A for 1 Bedroom is 700 SF, Layout B for 1 Bedroom is 800 SF, the average is 750 SF. Please enter a numerical value only.
A10: SRO
A11: Studio
A12: 1 Bedroom | B12: 1 Bedroom
A13: 2 Bedroom | B13: 2 Bedroom
A14: 3 Bedroom | B14: 3 Bedroom
A16: 7. What is the building's gross square footage?
A17: 8. If the project is mixed use, enter the square footage of non-residential commercial, retail, office spaces (do not include residential leasing/property management office).
A18: 9. What is the construction cost attributed to non-residential commercial, retail, office spaces?
A19: 10. What is the construction cost of the entire project? (Must match Total Construction on Development Budget tab)
A21: Utilities Questionnaire: Please select from the dropdown menu the source of fuel sources for each utility.
A22: Utility | B22: Fuel Source
A23: Heat
A24: Hot Water
A25: Cooking
A26: Other Electricity | B26: Electric
A27: Central Air Conditioning
A28: Water/Sewer | B28: Water/Sewer
A30: Developer Comments:

Sheet Development Budget
A1: AHTF Application: Development Budget | D1: #VALUE!
A2: ='Site Info'!B2 -> 0
A3: ACQUISITION | B3: AHTF | C3: Other Sources | D3: Total
A4: Land | B4: 0 | C4: 0 | D4: =SUM(B4:C4) -> 0
A5: Structures | B5: 0 | C5: 0 | D5: =SUM(B5:C5) -> 0
A6: Total Acquisition | B6: =SUM(B4:B5) -> 0 | C6: =SUM(C4:C5) -> 0 | D6: =SUM(D4:D5) -> 0
A8: CONSTRUCTION | B8: AHTF | C8: Other Sources | D8: Total
A9: Building Permits | B9: 0 | C9: 0 | D9: =SUM(B9:C9) -> 0
A10: Water & Sewer Permits | B10: 0 | C10: 0 | D10: =SUM(B10:C10) -> 0
A11: Performance Bond | B11: 0 | C11: 0 | D11: =SUM(B11:C11) -> 0
A12: Demolition | B12: 0 | C12: 0 | D12: =SUM(B12:C12) -> 0
A13: Environmental Remediation | B13: 0 | C13: 0 | D13: =SUM(B13:C13) -> 0
A14: Site Work | B14: 0 | C14: 0 | D14: =SUM(B14:C14) -> 0
A15: Construction Material & Labor | B15: 0 | C15: 0 | D15: =SUM(B15:C15) -> 0
A16: Electric & Gas Connection Fees | B16: 0 | C16: 0 | D16: =SUM(B16:C16) -> 0
A17: Other (Specify on Additional Costs Tab) | B17: ='Additional Costs'!B9 -> 0 | C17: ='Additional Costs'!C9 -> 0 | D17: =SUM(B17:C17) -> 0
A18: Subtotal | B18: =SUM(B9:B17) -> 0 | C18: =SUM(C9:C17) -> 0 | D18: =SUM(D9:D17) -> 0
A19: General Requirements | B19: 0 | C19: 0 | D19: =SUM(B19:C19) -> 0
A20: Contractor Overhead + Profit | B20: 0 | C20: 0 | D20: =SUM(B20:C20) -> 0
A21: Construction Contingency | B21: 0 | C21: 0 | D21: =SUM(B21:C21) -> 0
A22: Total Construction | B22: =SUM(B18:B21) -> 0 | C22: =SUM(C18:C21) -> 0 | D22: =SUM(D18:D21) -> 0
A24: PROFESSIONAL SERVICES | B24: AHTF | C24: Other Sources | D24: Total
A25: Accountant | B25: 0 | C25: 0 | D25: =SUM(B25:C25) -> 0
A26: Appraisal | B26: 0 | C26: 0 | D26: =SUM(B26:C26) -> 0
A27: Architect | B27: 0 | C27: 0 | D27: =SUM(B27:C27) -> 0
A28: Attorney | B28: 0 | C28: 0 | D28: =SUM(B28:C28) -> 0
A29: Construction Cost Certification | B29: 0 | C29: 0 | D29: =SUM(B29:C29) -> 0
A30: Green Consultant (LEED, EnergyStar) | B30: 0 | C30: 0 | D30: =SUM(B30:C30) -> 0
A31: Engineer | B31: 0 | C31: 0 | D31: =SUM(B31:C31) -> 0
A32: Environmental Consultant | B32: 0 | C32: 0 | D32: =SUM(B32:C32) -> 0
A33: Market Study (3rd Party) | B33: 0 | C33: 0 | D33: =SUM(B33:C33) -> 0
A34: Marketing & Advertising | B34: 0 | C34: 0 | D34: =SUM(B34:C34) -> 0
A35: Planning & Zoning Fees | B35: 0 | C35: 0 | D35: =SUM(B35:C35) -> 0
A36: Planner | B36: 0 | C36: 0 | D36: =SUM(B36:C36) -> 0
... A39: Surveyor | B39: 0 | C39: 0 | D39: =SUM(B39:C39) -> 0
A40: Other (Specify on Additional Costs Tab) | B40: ='Additional Costs'!B17 -> 0 | C40: ='Additional Costs'!C17 -> 0 | D40: =SUM(B40:C40) -> 0
A41: Subtotal | B41: =SUM(B25:B40) -> 0 | C41: =SUM(C25:C40) -> 0 | D41: =SUM(D25:D40) -> 0
A42: Professional Services Contingency | B42: 0 | C42: 0 | D42: =SUM(B42:C42) -> 0
A43: Total Professional Services | B43: =SUM(B41:B42) -> 0 | C43: =SUM(C41:C42) -> 0 | D43: =SUM(D41:D42) -> 0
A45: CARRYING & FINANCING | B45: AHTF | C45: Other Sources | D45: Total
A46: Interest | B46: 0 | C46: 0 | D46: =SUM(B46:C46) -> 0
A47: Real Estate Taxes | B47: 0 | C47: 0 | D47: =SUM(B47:C47) -> 0
A48: Electric & Gas Charges | B48: 0 | C48: 0 | D48: =SUM(B48:C48) -> 0
A49: Water & Sewer Charges | B49: 0 | C49: 0 | D49: =SUM(B49:C49) -> 0
A50: Lender & Funder Fees | B50: 0 | C50: 0 | D50: =SUM(B50:C50) -> 0
A51: Property Insurance (Liability & Builder's Risk) | B51: 0 | C51: 0 | D51: =SUM(B51:C51) -> 0
A52: Title Insurance | B52: 0 | C52: 0 | D52: =SUM(B52:C52) -> 0
A53: Recording Fees | B53: 0 | C53: 0 | D53: =SUM(B53:C53) -> 0
A54: Other (Specify on Additional Costs Tab) | B54: ='Additional Costs'!B25 -> 0 | C54: ='Additional Costs'!C25 -> 0 | D54: =SUM(B54:C54) -> 0
A55: Subtotal | B55: =SUM(B46:B54) -> 0 | C55: =SUM(C46:C54) -> 0 | D55: =SUM(D46:D54) -> 0
A56: Carrying & Financing Contingency | B56: 0 | C56: 0 | D56: =SUM(B56:C56) -> 0
A57: Total Carrying & Financing | B57: =SUM(B55:B56) -> 0 | C57: =SUM(C55:C56) -> 0 | D57: =SUM(D55:D56) -> 0
A59: DEVELOPER FEE | B59: 0 | C59: 0 | D59: =SUM(B59:C59) -> 0
A60: TOTAL DEVELOPMENT COSTS | B60: =SUM(B6,B22,B43,B57,B59) -> 0 | C60: =SUM(C6,C22,C43,C57,C59) -> 0 | D60: =SUM(D6,D22,D43,D57,D59) -> 0
A62: WORKING CAPITAL | B62: AHTF | C62: Other Sources | D62: Total
A63: Operating Deficit Reserve (Up to 18 Months) | B63: 0 | C63: 0 | D63: =SUM(B63:C63) -> 0
A64: Supplemental. Mgmt. Fee & Marketing | B64: 0 | C64: 0 | D64: =SUM(B64:C64) -> 0
A65: Purch. of Maintenance & Other Equipment | B65: 0 | C65: 0 | D65: =SUM(B65:C65) -> 0
A66: Other (specify on Additional Costs Tab) | B66: ='Additional Costs'!B33 -> 0 | C66: ='Additional Costs'!C33 -> 0 | D66: =SUM(B66:C66) -> 0
A67: TOTAL WORKING CAPITAL | B67: =SUM(B63:B66) -> 0 | C67: =SUM(C63:C66) -> 0 | D67: =SUM(D63:D66) -> 0
A69: PROJECT RESERVES | B69: AHTF | C69: Other Sources | D69: Total
A70: Capitalization of Operating Reserve | B70: 0 | C70: 0 | D70: =SUM(B70:C70) -> 0
A71: Capitalization of Replacement Reserve | B71: 0 | C71: 0 | D71: =SUM(B71:C71) -> 0
A72: TOTAL PROJECT RESERVES | B72: =SUM(B70:B71) -> 0 | C72: =SUM(C70:C71) -> 0 | D72: =SUM(D70:D71) -> 0
A74: TOTAL PROJECT COSTS | B74: =B60+B67+B72 -> 0 | C74: =C60+C67+C72 -> 0 | D74: =D60+D67+D72 -> 0

Sheet Additional Costs
A1: AHTF Application: Additional Costs | D1: #VALUE!
A2: ='Site Info'!B2 -> 0
A3: CONSTRUCTION | B3: AHTF | C3: Other Sources | D3: Total
B4: 0 | C4: 0 | D4: =SUM(B4:C4) -> 0
B5: 0 | C5: 0 | D5: =SUM(B5:C5) -> 0
B6: 0 | C6: 0 | D6: =SUM(B6:C6) -> 0
B7: 0 | C7: 0 | D7: =SUM(B7:C7) -> 0
B8: 0 | C8: 0 | D8: =SUM(B8:C8) -> 0
A9: Total | B9: =SUM(B4:B8) -> 0 | C9: =SUM(C4:C8) -> 0 | D9: =SUM(D4:D8) -> 0
A11: PROFESSIONAL SERVICES | B11: AHTF | C11: Other Sources | D11: Total
B12: 0 | C12: 0 | D12: =SUM(B12:C12) -> 0
B13: 0 | C13: 0 | D13: =SUM(B13:C13) -> 0
B14: 0 | C14: 0 | D14: =SUM(B14:C14) -> 0
B15: 0 | C15: 0 | D15: =SUM(B15:C15) -> 0
B16: 0 | C16: 0 | D16: =SUM(B16:C16) -> 0
A17: Total | B17: =SUM(B12:B16) -> 0 | C17: =SUM(C12:C16) -> 0 | D17: =SUM(D12:D16) -> 0
A19: CARRYING & FINANCING | B19: AHTF | C19: Other Sources | D19: Total
B20: 0 | C20: 0 | D20: =SUM(B20:C20) -> 0
B21: 0 | C21: 0 | D21: =SUM(B21:C21) -> 0
B22: 0 | C22: 0 | D22: =SUM(B22:C22) -> 0
B23: 0 | C23: 0 | D23: =SUM(B23:C23) -> 0
B24: 0 | C24: 0 | D24: =SUM(B24:C24) -> 0
A25: Total | B25: =SUM(B20:B24) -> 0 | C25: =SUM(C20:C24) -> 0 | D25: =SUM(D20:D24) -> 0
A27: WORKING CAPITAL | B27: AHTF | C27: Other Sources | D27: Total
B28: 0 | C28: 0 | D28: =SUM(B28:C28) -> 0
B29: 0 | C29: 0 | D29: =SUM(B29:C29) -> 0
B30: 0 | C30: 0 | D30: =SUM(B30:C30) -> 0
B31: 0 | C31: 0 | D31: =SUM(B31:C31) -> 0
B32: 0 | C32: 0 | D32: =SUM(B32:C32) -> 0
A33: Total | B33: =SUM(B28:B32) -> 0 | C33: =SUM(C28:C32) -> 0 | D33: =SUM(D28:D32) -> 0

Sheet Funding Sources
A1: AHTF Application: Funding Sources | I1: #VALUE!
A2: ='Site Info'!B2 -> 0
A3: Funding Source Type | B3: Funding Source Name | D3: Construction Funds | E3: Committed Construction Funds | F3: Construction Funds Commitment Status | G3: Estimated Sales Price | H3: Committed Permanent Funds | I3: Permanent Funds Commitment Status
A4: AHTF | B4: AHTF
A9: SALES PRICE Unit #1 | B9: Homebuyer | H9: =G9 -> 0
A10: SALES PRICE Unit #2 | B10: Homebuyer | H10: =G10 -> 0
A11: SALES PRICE Unit #3 | B11: Homebuyer | H11: =G11 -> 0
A12: SALES PRICE Unit #4 | B12: Homebuyer | H12: =G12 -> 0
A13: SALES PRICE Unit #5 | B13: Homebuyer | H13: =G13 -> 0
A14: SALES PRICE Unit #6 | B14: Homebuyer | H14: =G14 -> 0
A15: SALES PRICE Unit #7 | B15: Homebuyer | H15: =G15 -> 0
A16: SALES PRICE Unit #8 | B16: Homebuyer | H16: =G16 -> 0
A17: SALES PRICE Unit #9 | B17: Homebuyer | H17: =G17 -> 0
A18: SALES PRICE Unit #10 | B18: Homebuyer | H18: =G18 -> 0
A19: SALES PRICE Unit #11 | B19: Homebuyer | H19: =G19 -> 0
A20: SALES PRICE Unit #12 | B20: Homebuyer | H20: =G20 -> 0
B21: Total | D21: =SUM(D4:D20) -> 0 | E21: =SUM(E4:E20) -> 0 | G21: =SUM(G4:G20) -> 0 | H21: =SUM(H4:H20) -> 0
D22: Percentage Committed | E22: =IFERROR(E21/D21,0) -> 0 | G22: Percentage Committed | H22: =IFERROR(H21/G21,0) -> 0
A24: AHTF Maximum Subsidy
A25: Fund Category | B25: Units | C25: Maximum Subsidy
A26: Affordable Housing Trust Fund | B26: 25 | C26: 3000000

Sheet Analysis
A1: AHTF Application: Underwriting Analysis | F1: #VALUE!
A2: ='Site Info'!B2 -> 0
A3: Contingency Analysis | C3: Result | D3: Maximum | E3: Minimum | F3: Acceptable
A4: 1 | B4: Is the Construction contingency within the standard? | C4: =IFERROR('Development Budget'!D21/'Development Budget'!D18,0) -> 0 | D4: 0.05 | E4: 0.02 | F4: =IF(AND(C4>=E4,C4<=D4),"Yes","Explain") -> Explain
A5: =A4+1 -> 2 | B5: Is the Professional Services and Carrying & Financing contingencies within the standard? | C5: =IFERROR(('Development Budget'!D42+'Development Budget'!D56)/('Development Budget'!D41+'Development Budget'!D55),0) -> 0 | D5: 0.05 | E5: 0.02 | F5: =IF(AND(C5>=E5,C5<=D5),"Yes","Explain") -> Explain
A7: Development Budget Analysis | C7: Result | D7: Maximum | E7: Minimum | F7: Acceptable
A8: =A5+1 -> 3 | B8: Is the developer’s fee within the standard? | C8: =IFERROR('Development Budget'!D59/SUM('Development Budget'!D6,'Development Budget'!D22,'Development Budget'!D43,'Development Budget'!D57),0) -> 0 | D8: 0.08 | E8: 0.02 | F8: =IF(AND(C8<=D8,C8>=E8),"Yes","Explain") -> Explain
A9: =A8+1 -> 4 | B9: Is the Profit, Overhead & General Requirement cost within the standard? | C9: =IFERROR(('Development Budget'!D19+'Development Budget'!D20)/'Development Budget'!D22,0) -> 0 | D9: 0.14 | E9: 0.06 | F9: =IF(AND(C9<=D9,C9>=E9),"Yes","Explain") -> Explain
A10: =A9+1 -> 5 | B10: Are the "soft" project costs within the standard? | C10: =IFERROR(('Development Budget'!D43+'Development Budget'!D57)/'Development Budget'!D60,0) -> 0 | D10: 0.28 | E10: 0 | F10: =IF(C10<=D10,"Yes","Explain") -> Yes
A11: =A10+1 -> 6 | B11: Does the Sales Price to the Homebuyer fall within the range of affordability? | C11: 0 | D11: 0 | E11: 0 | F11: =IF(C11=0,"Yes",IF(C11>=E11,"Yes")) -> Yes
A14: Explanations:

Sheet Construction Analysis
A1: AHTF Application: Construction Cost Analysis
A3: 2025 HUD Unit TDC Limits
B5: SRO/Studio | C5: 1 Bedroom | D5: 2 Bedroom | E5: 3 Bedroom | F5: 4 Bedroom
B6: Hard Cost | C6: Hard Cost | D6: Hard Cost | E6: Hard Cost | F6: Hard Cost
A7: Detached/Semi-Detached (Single Family) | B7: 304.74042 | C7: 282.969 | D7: 264.75713 | E7: 238.67376 | F7: 224.92171
A8: Row House (2-4 Family) | B8: 267.9751 | C8: 251.34481 | D8: 238.19607 | E8: 219.76589 | F8: 209.01508
A9: Walkup (5+ units) | B9: 235.34244 | C9: 228.67366 | D9: 224.84407 | E9: 221.96287 | F9: 219.80197
A10: Elevator (5+ units) | B10: 263.87704 | C10: 263.87904 | D10: 263.87904 | E10: 263.87904 | F10: 263.87904
A13: Unit Mix | B13: Total | C13: Level of Construction | F13: % Cost | G13: Type | I13: Avg SF | J13: $ PSF | K13: Expected | L13: Green Bonus | M13: Expected + Green
A14: Studio | F14: =IF(C14="Moderate",0.6,IF(C14="Substantial",0.8,IF(C14="Gut",1.1,IF(C14="New",1,0)))) -> 0 | I14: ='Construction Budget Summary'!C10 -> 0 | K14: =(B14*I14)*(F14*J14) -> 0 | L14: =IF('Construction Budget Summary'!C7="Yes", 0.1,0) -> 0 | M14: =K14+(K14*L14) -> 0
A15: 1 Bedroom | F15: =IF(C15="Moderate",0.6,IF(C15="Substantial",0.8,IF(C15="Gut",1.1,IF(C15="New",1,0)))) -> 0 | I15: ='Construction Budget Summary'!C11 -> 0 | K15: =(B15*I15)*(F15*J15) -> 0 | L15: =IF('Construction Budget Summary'!C7="Yes", 0.1,0) -> 0 | M15: =K15+(K15*L15) -> 0
A16: 2 Bedroom | F16: =IF(C16="Moderate",0.6,IF(C16="Substantial",0.8,IF(C16="Gut",1.1,IF(C16="New",1,0)))) -> 0 | I16: ='Construction Budget Summary'!C12 -> 0 | K16: =(B16*I16)*(F16*J16) -> 0 | L16: =IF('Construction Budget Summary'!C7="Yes", 0.1,0) -> 0 | M16: =K16+(K16*L16) -> 0
A17: 3 Bedroom | F17: =IF(C17="Moderate",0.6,IF(C17="Substantial",0.8,IF(C17="Gut",1.1,IF(C17="New",1,0)))) -> 0 | I17: ='Construction Budget Summary'!C13 -> 0 | K17: =(B17*I17)*(F17*J17) -> 0 | L17: =IF('Construction Budget Summary'!C7="Yes", 0.1,0) -> 0 | M17: =K17+(K17*L17) -> 0
A18: 4 Bedroom | F18: =IF(C18="Moderate",0.6,IF(C18="Substantial",0.8,IF(C18="Gut",1.1,IF(C18="New",1,0)))) -> 0 | I18: ='Construction Budget Summary'!C14 -> 0 | K18: =(B18*I18)*(F18*J18) -> 0 | L18: =IF('Construction Budget Summary'!C7="Yes", 0.1,0) -> 0 | M18: =K18+(K18*L18) -> 0
A19: Total | B19: =SUM(B14:B18) -> 0 | G19: Total Residential Unit SF | I19: =SUM((B14*I14),(B15*I15),(B16*I16),(B17*I17),(B18*I18)) -> 0 | K19: =SUM(K14:K18) -> 0 | L19: =(M19-K19) -> 0 | M19: =SUM(M14:M18) -> 0
I21: Building Gross SF | J21: Average PSF Hard Cost | K21: Expected Construction Cost | L21: Green Bonus | M21: Expected Construction Cost + Green Bonus
I22: ='Site Info'!J16 -> 0 | J22: =IFERROR(AVERAGE(J14:J18),0) -> 0 | K22: =I22*J22 -> 0 | L22: =IF('Construction Budget Summary'!C7="Yes",0.1*K22,0) -> 0 | M22: =SUM(K22,L22) -> 0
L23: Budgeted Construction Cost | M23: ='Construction Budget Summary'!C19 -> 0
L24: Variance $ | M24: =M23-M22 -> 0
L25: Variance % | M25: =IFERROR(-(1-M23/M22),0) -> 0
A28: https://www.hud.gov/sites/dfiles/PIH/documents/2024_Units_TDC_Limits.pdf

Sheet HCC-TDC Inputs
A1: 2024 HUD TDC Limits
B2: Atlantic City | M2: Atlantic City
B3: SRO/Studio | D3: 1 Bedroom | F3: 2 Bedroom | H3: 3 Bedroom | J3: 4 Bedroom | M3: Camden
B4: 500 | D4: 700 | F4: 900 | H4: 1200 | J4: 1500 | M4: Elizabeth
B5: Hard Cost | C5: TDC | D5: Hard Cost | E5: TDC | F5: Hard Cost | G5: TDC | H5: Hard Cost | I5: TDC | J5: Hard Cost | K5: TDC | M5: Hackensack
A6: Detached/Semi-Detached (Single Family) | B6: 150702 | C6: 263728 | D6: 195470 | E6: 342072 | F6: 234320 | G6: 410060 | H6: 280131 | I6: 490230 | J6: 330415 | K6: 578227 | M6: Jersey City
A7: Per Square Foot | B7: =B6/B4 -> 301.404 | C7: =C6/B4 -> 527.456 | D7: =D6/D4 -> 279.24286 | E7: =E6/D4 -> 488.67429 | F7: =F6/F4 -> 260.35556 | G7: =G6/F4 -> 455.62222 | H7: =H6/H4 -> 233.4425 | I7: =I6/H4 -> 408.525 | J7: =J6/J4 -> 220.27667 | K7: =K6/J4 -> 385.48467 | M7: New Brunswick
A8: Row House (2-4 Family) | B8: 130501 | C8: 228377 | D8: 171349 | E8: 299860 | F8: 208655 | G8: 365146 | H8: 256608 | I8: 449064 | J8: 305587 | K8: 534777 | M8: Newark
A9: Per Square Foot | B9: =B8/B4 -> 261.002 | C9: =C8/B4 -> 456.754 | D9: =D8/D4 -> 244.78429 | E9: =E8/D4 -> 428.37143 | F9: =F8/F4 -> 231.83889 | G9: =G8/F4 -> 405.71778 | H9: =H8/H4 -> 213.84 | I9: =I8/H4 -> 374.22 | J9: =J8/J4 -> 203.72467 | K9: =K8/J4 -> 356.518 | M9: Paterson
A10: Walkup (5+ units) | B10: 118149 | C10: 206761 | D10: 160607 | E10: 281062 | F10: 202951 | G10: 355164 | H10: 267045 | I10: 467328 | J10: 330472 | K10: 578326 | M10: Trenton
A11: Per Square Foot | B11: =B10/B4 -> 236.298 | C11: =C10/B4 -> 413.522 | D11: =D10/D4 -> 229.43857 | E11: =E10/D4 -> 401.51714 | F11: =F10/F4 -> 225.50111 | G11: =G10/F4 -> 394.62667 | H11: =H10/H4 -> 222.5375 | I11: =I10/H4 -> 389.44 | J11: =J10/J4 -> 220.31467 | K11: =K10/J4 -> 385.55067 | M11: Vineland
A12: Elevator (5+ units) | B12: 132969 | C12: 212750 | D12: 186156 | E12: 297850 | F12: 239344 | G12: 382950 | H12: 319125 | I12: 510600 | J12: 398906 | K12: 638250
A13: Per Square Foot | B13: =B12/B4 -> 265.938 | C13: =C12/B4 -> 425.5 | D13: =D12/D4 -> 265.93714 | E13: =E12/D4 -> 425.5 | F13: =F12/F4 -> 265.93778 | G13: =G12/F4 -> 425.5 | H13: =H12/H4 -> 265.9375 | I13: =I12/H4 -> 425.5 | J13: =J12/J4 -> 265.93733 | K13: =K12/J4 -> 425.5
B15: Camden
B16: SRO/Studio | D16: 1 Bedroom | F16: 2 Bedroom | H16: 3 Bedroom | J16: 4 Bedroom
B17: 500 | D17: 700 | F17: 900 | H17: 1200 | J17: 1500
B18: Hard Cost | C18: TDC | D18: Hard Cost | E18: TDC | F18: Hard Cost | G18: TDC | H18: Hard Cost | I18: TDC | J18: Hard Cost | K18: TDC
A19: Detached/Semi-Detached (Single Family) | B19: 141807 | C19: 248162 | D19: 183759 | E19: 321579 | F19: 234320 | G19: 220167 | H19: 385293 | I19: 263040 | J19: 460320 | K19: 310108
A20: Per Square Foot | B20: =B19/B17 -> 283.614 | C20: =C19/B17 -> 496.324 | D20: =D19/D17 -> 262.51286 | E20: =E19/D17 -> 459.39857 | F20: =F19/F17 -> 260.35556 | G20: =G19/F17 -> 244.63 | H20: =H19/H17 -> 321.0775 | I20: =I19/H17 -> 219.2 | J20: =J19/J17 -> 306.88 | K20: =K19/J17 -> 206.73867
A21: Row House (2-4 Family) | B21: 123530 | C21: 216178 | D21: 161935 | E21: 283387 | F21: 196947 | G21: 344657 | H21: 241757 | I21: 423075 | J21: 287644 | K21: 503377
A22: Per Square Foot | B22: =B21/B17 -> 247.06 | C22: =C21/B17 -> 432.356 | D22: =D21/D17 -> 231.33571 | E22: =E21/D17 -> 404.83857 | F22: =F21/F17 -> 218.83 | G22: =G21/F17 -> 382.95222 | H22: =H21/H17 -> 201.46417 | I22: =I21/H17 -> 352.5625 | J22: =J21/J17 -> 191.76267 | K22: =K21/J17 -> 335.58467
A23: Walkup (5+ units) | B23: 112683 | C23: 197195 | D23: 153411 | E23: 268470 | F23: 194036 | G23: 339564 | H23: 255498 | I23: 447121 | J23: 316356 | K23: 553622
A24: Per Square Foot | B24: =B23/B17 -> 225.366 | C24: =C23/B17 -> 394.39 | D24: =D23/D17 -> 219.15857 | E24: =E23/D17 -> 383.52857 | F24: =F23/F17 -> 215.59556 | G24: =G23/F17 -> 377.29333 | H24: =H23/H17 -> 212.915 | I24: =I23/H17 -> 372.60083 | J24: =J23/J17 -> 210.904 | K24: =K23/J17 -> 369.08133
A25: Elevator (5+ units) | B25: 125139 | C25: 200222 | D25: 175194 | E25: 280311 | F25: 225250 | G25: 360400 | H25: 300333 | I25: 480533 | J25: 375417 | K25: 600666
A26: Per Square Foot | B26: =B25/B17 -> 250.278 | C26: =C25/B17 -> 400.444 | D26: =D25/D17 -> 250.27714 | E26: =E25/D17 -> 400.44429 | F26: =F25/F17 -> 250.27778 | G26: =G25/F17 -> 400.44444 | H26: =H25/H17 -> 250.2775 | I26: =I25/H17 -> 400.44417 | J26: =J25/J17 -> 250.278 | K26: =K25/J17 -> 400.444
B28: Elizabeth
B29: SRO/Studio | D29: 1 Bedroom | F29: 2 Bedroom | H29: 3 Bedroom | J29: 4 Bedroom
B30: 500 | D30: 700 | F30: 900 | H30: 1200 | J30: 1500
B31: Hard Cost | C31: TDC | D31: Hard Cost | E31: TDC | F31: Hard Cost | G31: TDC | H31: Hard Cost | I31: TDC | J31: Hard Cost | K31: TDC
A32: Detached/Semi-Detached (Single Family) | B32: 149463 | C32: 261561 | D32: 193865 | E32: 339263 | F32: 232396 | G32: 406693 | H32: 277833 | I32: 486208 | J32: 327706 | K32: 573485
A33: Per Square Foot | B33: =B32/B30 -> 298.926 | C33: =C32/B30 -> 523.122 | D33: =D32/D30 -> 276.95 | E33: =E32/D30 -> 484.66143 | F33: =F32/F30 -> 258.21778 | G33: =G32/F30 -> 451.88111 | H33: =H32/H30 -> 231.5275 | I33: =I32/H30 -> 405.17333 | J33: =J32/J30 -> 218.47067 | K33: =K32/J30 -> 382.32333
A34: Row House (2-4 Family) | B34: 129423 | C34: 226490 | D34: 169935 | E34: 297386 | F34: 206935 | G34: 362136 | H34: 254497 | I34: 445369 | J34: 303074 | K34: 530380
A35: Per Square Foot | B35: =B34/B30 -> 258.846 | C35: =C34/B30 -> 452.98 | D35: =D34/D30 -> 242.76429 | E35: =E34/D30 -> 424.83714 | F35: =F34/F30 -> 229.92778 | G35: =G34/F30 -> 402.37333 | H35: =H34/H30 -> 212.08083 | I35: =I34/H30 -> 371.14083 | J35: =J34/J30 -> 202.04933 | K35: =K34/J30 -> 353.58667
A36: Walkup (5+ units) | B36: 117166 | C36: 205041 | D36: 159269 | E36: 278721 | F36: 201259 | G36: 352203 | H36: 264817 | I36: 463430 | J36: 327714 | K36: 573499
A37: Per Square Foot | B37: =B36/B30 -> 234.332 | C37: =C36/B30 -> 410.082 | D37: =D36/D30 -> 227.52714 | E37: =E36/D30 -> 398.17286 | F37: =F36/F30 -> 223.62111 | G37: =G36/F30 -> 391.33667 | H37: =H36/H30 -> 220.68083 | I37: =I36/H30 -> 386.19167 | J37: =J36/J30 -> 218.476 | K37: =K36/J30 -> 382.33267
A38: Elevator (5+ units) | B38: 131876 | C38: 211001 | D38: 184626 | E38: 295401 | F38: 237376 | G38: 379802 | H38: 316502 | I38: 506403 | J38: 395627 | K38: 633003
A39: Per Square Foot | B39: =B38/B30 -> 263.752 | C39: =C38/B30 -> 422.002 | D39: =D38/D30 -> 263.75143 | E39: =E38/D30 -> 422.00143 | F39: =F38/F30 -> 263.75111 | G39: =G38/F30 -> 422.00222 | H39: =H38/H30 -> 263.75167 | I39: =I38/H30 -> 422.0025 | J39: =J38/J30 -> 263.75133 | K39: =K38/J30 -> 422.002
B41: Hackensack
B42: SRO/Studio | D42: 1 Bedroom | F42: 2 Bedroom | H42: 3 Bedroom | J42: 4 Bedroom
B43: 500 | D43: 700 | F43: 900 | H43: 1200 | J43: 1500
B44: Hard Cost | C44: TDC | D44: Hard Cost | E44: TDC | F44: Hard Cost | G44: TDC | H44: Hard Cost | I44: TDC | J44: Hard Cost | K44: TDC
A45: Detached/Semi-Detached (Single Family) | B45: 147031 | C45: 257304 | D45: 197749 | E45: 333810 | F45: 228687 | G45: 400202 | H45: 273437 | I45: 478516 | J45: 322555 | K45: 564471
A46: Per Square Foot | B46: =B45/B43 -> 294.062 | C46: =C45/B43 -> 514.608 | D46: =D45/D43 -> 282.49857 | E46: =E45/D43 -> 476.87143 | F46: =F45/F43 -> 254.09667 | G46: =G45/F43 -> 444.66889 | H46: =H45/H43 -> 227.86417 | I46: =I45/H43 -> 398.76333 | J46: =J45/J43 -> 215.03667 | K46: =K45/J43 -> 376.314
A47: Row House (2-4 Family) | B47: 127151 | C47: 222514 | D47: 167010 | E47: 292268 | F47: 203430 | G47: 356002 | H47: 250288 | I47: 438004 | J47: 298120 | K47: 521710
A48: Per Square Foot | B48: =B47/B43 -> 254.302 | C48: =C47/B43 -> 445.028 | D48: =D47/D43 -> 238.58571 | E48: =E47/D43 -> 417.52571 | F48: =F47/F43 -> 226.03333 | G48: =G47/F43 -> 395.55778 | H48: =H47/H43 -> 208.57333 | I48: =I47/H43 -> 365.00333 | J48: =J47/J43 -> 198.74667 | K48: =K47/J43 -> 347.80667
A49: Walkup (5+ units) | B49: 114918 | C49: 201106 | D49: 156159 | E49: 273279 | F49: 197288 | G49: 345255 | H49: 259551 | I49: 454215 | J49: 321158 | K49: 562027
A50: Per Square Foot | B50: =B49/B43 -> 229.836 | C50: =C49/B43 -> 402.212 | D50: =D49/D43 -> 223.08429 | E50: =E49/D43 -> 390.39857 | F50: =F49/F43 -> 219.20889 | G50: =G49/F43 -> 383.61667 | H50: =H49/H43 -> 216.2925 | I50: =I49/H43 -> 378.5125 | J50: =J49/J43 -> 214.10533 | K50: =K49/J43 -> 374.68467
A51: Elevator (5+ units) | B51: 129725 | C51: 207560 | D51: 181615 | E51: 290584 | F51: 233505 | G51: 373609 | H51: 311340 | I51: 498145 | J51: 389176 | K51: 622681
A52: Per Square Foot | B52: =B51/B43 -> 259.45 | C52: =C51/B43 -> 415.12 | D52: =D51/D43 -> 259.45 | E52: =E51/D43 -> 415.12 | F52: =F51/F43 -> 259.45 | G52: =G51/F43 -> 415.12111 | H52: =H51/H43 -> 259.45 | I52: =I51/H43 -> 415.12083 | J52: =J51/J43 -> 259.45067 | K52: =K51/J43 -> 415.12067
B54: Jersey City
B55: SRO/Studio | D55: 1 Bedroom | F55: 2 Bedroom | H55: 3 Bedroom | J55: 4 Bedroom
B56: 500 | D56: 700 | F56: 900 | H56: 1200 | J56: 1500
B57: Hard Cost | C57: TDC | D57: Hard Cost | E57: TDC | F57: Hard Cost | G57: TDC | H57: Hard Cost | I57: TDC | J57: Hard Cost | K57: TDC
A58: Detached/Semi-Detached (Single Family) | B58: 147076 | C58: 257382 | D58: 190843 | E58: 333976 | F58: 228825 | G58: 400443 | H58: 273638 | I58: 478867 | J58: 322823 | K58: 564940
A59: Per Square Foot | B59: =B58/B56 -> 294.152 | C59: =C58/B56 -> 514.764 | D59: =D58/D56 -> 272.63286 | E59: =E58/D56 -> 477.10857 | F59: =F58/F56 -> 254.25 | G59: =G58/F56 -> 444.93667 | H59: =H58/H56 -> 228.03167 | I59: =I58/H56 -> 399.05583 | J59: =J58/J56 -> 215.21533 | K59: =K58/J56 -> 376.62667
A60: Row House (2-4 Family) | B60: 127035 | C60: 222311 | D60: 166914 | E60: 292099 | F60: 203364 | G60: 355886 | H60: 250302 | I60: 438029 | J60: 298191 | K60: 521835
A61: Per Square Foot | B61: =B60/B56 -> 254.07 | C61: =C60/B56 -> 444.622 | D61: =D60/D56 -> 238.44857 | E61: =E60/D56 -> 417.28429 | F61: =F60/F56 -> 225.96 | G61: =G60/F56 -> 395.42889 | H61: =H60/H56 -> 208.585 | I61: =I60/H56 -> 365.02417 | J61: =J60/J56 -> 198.794 | K61: =K60/J56 -> 347.89
A62: Walkup (5+ units) | B62: 114635 | C62: 200611 | D62: 155725 | E62: 272519 | F62: 196702 | G62: 344229 | H62: 258742 | I62: 452798 | J62: 320120 | K62: 560210
A63: Per Square Foot | B63: =B62/B56 -> 229.27 | C63: =C62/B56 -> 401.222 | D63: =D62/D56 -> 222.46429 | E63: =E62/D56 -> 389.31286 | F63: =F62/F56 -> 218.55778 | G63: =G62/F56 -> 382.47667 | H63: =H62/H56 -> 215.61833 | I63: =I62/H56 -> 377.33167 | J63: =J62/J56 -> 213.41333 | K63: =K62/J56 -> 373.47333
A64: Elevator (5+ units) | B64: 129761 | C64: 207617 | D64: 181665 | E64: 290664 | F64: 233570 | G64: 373711 | H64: 311426 | I64: 498282 | J64: 389283 | K64: 622852
A65: Per Square Foot | B65: =B64/B56 -> 259.522 | C65: =C64/B56 -> 415.234 | D65: =D64/D56 -> 259.52143 | E65: =E64/D56 -> 415.23429 | F65: =F64/F56 -> 259.52222 | G65: =G64/F56 -> 415.23444 | H65: =H64/H56 -> 259.52167 | I65: =I64/H56 -> 415.235 | J65: =J64/J56 -> 259.522 | K65: =K64/J56 -> 415.23467
B67: New Brunswick
B68: SRO/Studio | D68: 1 Bedroom | F68: 2 Bedroom | H68: 3 Bedroom | J68: 4 Bedroom
B69: 500 | D69: 700 | F69: 900 | H69: 1200 | J69: 1500
B70: Hard Cost | C70: TDC | D70: Hard Cost | E70: TDC | F70: Hard Cost | G70: TDC | H70: Hard Cost | I70: TDC | J70: Hard Cost | K70: TDC
A71: Detached/Semi-Detached (Single Family) | B71: 149418 | C71: 261482 | D71: 193770 | E71: 339097 | F71: 232259 | G71: 406453 | H71: 277632 | I71: 485856 | J71: 327438 | K71: 573016
A72: Per Square Foot | B72: =B71/B69 -> 298.836 | C72: =C71/B69 -> 522.964 | D72: =D71/D69 -> 276.81429 | E72: =E71/D69 -> 484.42429 | F72: =F71/F69 -> 258.06556 | G72: =G71/F69 -> 451.61444 | H72: =H71/H69 -> 231.36 | I72: =I71/H69 -> 404.88 | J72: =J71/J69 -> 218.292 | K72: =K71/J69 -> 382.01067
A73: Row House (2-4 Family) | B73: 129538 | C73: 226692 | D73: 170032 | E73: 297555 | F73: 207001 | G73: 362252 | H73: 254483 | I73: 445345 | J73: 303003 | K73: 530225
A74: Per Square Foot | B74: =B73/B69 -> 259.076 | C74: =C73/B69 -> 453.384 | D74: =D73/D69 -> 242.90286 | E74: =E73/D69 -> 425.07857 | F74: =F73/F69 -> 230.00111 | G74: =G73/F69 -> 402.50222 | H74: =H73/H69 -> 212.06917 | I74: =I73/H69 -> 371.12083 | J74: =J73/J69 -> 202.002 | K74: =K73/J69 -> 353.48333
A75: Walkup (5+ units) | B75: 117449 | C75: 205536 | D75: 159703 | E75: 279480 | F75: 201845 | G75: 353228 | H75: 265626 | I75: 464846 | J75: 328752 | K75: 575316
A76: Per Square Foot | B76: =B75/B69 -> 234.898 | C76: =C75/B69 -> 411.072 | D76: =D75/D69 -> 228.14714 | E76: =E75/D69 -> 399.25714 | F76: =F75/F69 -> 224.27222 | G76: =G75/F69 -> 392.47556 | H76: =H75/H69 -> 221.355 | I76: =I75/H69 -> 387.37167 | J76: =J75/J69 -> 219.168 | K76: =K75/J69 -> 383.544
A77: Elevator (5+ units) | B77: 131840 | C77: 210944 | D77: 184576 | E77: 295322 | F77: 237312 | G77: 379699 | H77: 316416 | I77: 506266 | J77: 395520 | K77: 632832
A78: Per Square Foot | B78: =B77/B69 -> 263.68 | C78: =C77/B69 -> 421.888 | D78: =D77/D69 -> 263.68 | E78: =E77/D69 -> 421.88857 | F78: =F77/F69 -> 263.68 | G78: =G77/F69 -> 421.88778 | H78: =H77/H69 -> 263.68 | I78: =I77/H69 -> 421.88833 | J78: =J77/J69 -> 263.68 | K78: =K77/J69 -> 421.888
B80: Newark
B81: SRO/Studio | D81: 1 Bedroom | F81: 2 Bedroom | H81: 3 Bedroom | J81: 4 Bedroom
B82: 500 | D82: 700 | F82: 900 | H82: 1200 | J82: 1500
B83: Hard Cost | C83: TDC | D83: Hard Cost | E83: TDC | F83: Hard Cost | G83: TDC | H83: Hard Cost | I83: TDC | J83: Hard Cost | K83: TDC
A84: Detached/Semi-Detached (Single Family) | B84: 151433 | C84: 265008 | D84: 196509 | E84: 343891 | F84: 235626 | G84: 412345 | H84: 281782 | I84: 493119 | J84: 332440 | K84: 581771
A85: Per Square Foot | B85: =B84/B82 -> 302.866 | C85: =C84/B82 -> 530.016 | D85: =D84/D82 -> 280.72714 | E85: =E84/D82 -> 491.27286 | F85: =F84/F82 -> 261.80667 | G85: =G84/F82 -> 458.16111 | H85: =H84/H82 -> 234.81833 | I85: =I84/H82 -> 410.9325 | J85: =J84/J82 -> 221.62667 | K85: =K84/J82 -> 387.84733
A86: Row House (2-4 Family) | B86: 130752 | C86: 228815 | D86: 171814 | E86: 300674 | F86: 209350 | G86: 366362 | H86: 257699 | I86: 450974 | J86: 302020 | K86: 537286
A87: Per Square Foot | B87: =B86/B82 -> 261.504 | C87: =C86/B82 -> 457.63 | D87: =D86/D82 -> 245.44857 | E87: =E86/D82 -> 429.53429 | F87: =F86/F82 -> 232.61111 | G87: =G86/F82 -> 407.06889 | H87: =H86/H82 -> 214.74917 | I87: =I86/H82 -> 375.81167 | J87: =J86/J82 -> 201.34667 | K87: =K86/J82 -> 358.19067
A88: Walkup (5+ units) | B88: 117934 | C88: 206384 | D88: 160191 | E88: 280334 | F88: 202232 | G88: 354080 | H88: 266135 | I88: 465736 | J88: 329255 | K88: 576196
A89: Per Square Foot | B89: =B88/B82 -> 235.868 | C89: =C88/B82 -> 412.768 | D89: =D88/D82 -> 228.84429 | E89: =E88/D82 -> 400.47714 | F89: =F88/F82 -> 224.70222 | G89: =G88/F82 -> 393.42222 | H89: =H88/H82 -> 221.77917 | I89: =I88/H82 -> 388.11333 | J89: =J88/J82 -> 219.50333 | K89: =K88/J82 -> 384.13067
A90: Elevator (5+ units) | B90: 133604 | C90: 213767 | D90: 187046 | E90: 299274 | F90: 240488 | G90: 384781 | H90: 320651 | I90: 513041 | J90: 400813 | K90: 641301
A91: Per Square Foot | B91: =B90/B82 -> 267.208 | C91: =C90/B82 -> 427.534 | D91: =D90/D82 -> 267.20857 | E91: =E90/D82 -> 427.53429 | F91: =F90/F82 -> 267.20889 | G91: =G90/F82 -> 427.53444 | H91: =H90/H82 -> 267.20917 | I91: =I90/H82 -> 427.53417 | J91: =J90/J82 -> 267.20867 | K91: =K90/J82 -> 427.534
B93: Paterson
B94: SRO/Studio | D94: 1 Bedroom | F94: 2 Bedroom | H94: 3 Bedroom | J94: 4 Bedroom
B95: 500 | D95: 700 | F95: 900 | H95: 1200 | J95: 1500
B96: Hard Cost | C96: TDC | D96: Hard Cost | E96: TDC | F96: Hard Cost | G96: TDC | H96: Hard Cost | I96: TDC | J96: Hard Cost | K96: TDC
A97: Detached/Semi-Detached (Single Family) | B97: 147628 | C97: 258348 | D97: 191504 | E97: 335132 | F97: 229580 | G97: 401765 | H97: 274486 | I97: 480351 | J97: 323776 | K97: 566607
A98: Per Square Foot | B98: =B97/B95 -> 295.256 | C98: =C97/B95 -> 516.696 | D98: =D97/D95 -> 273.57714 | E98: =E97/D95 -> 478.76 | F98: =F97/F95 -> 255.08889 | G98: =G97/F95 -> 446.40556 | H98: =H97/H95 -> 228.73833 | I98: =I97/H95 -> 400.2925 | J98: =J97/J95 -> 215.85067 | K98: =K97/J95 -> 377.738
A99: Row House (2-4 Family) | B99: 127748 | C99: 223558 | D99: 167766 | E99: 293590 | F99: 204322 | G99: 357564 | H99: 251337 | I99: 439839 | J99: 299341 | K99: 523847
A100: Per Square Foot | B100: =B99/B95 -> 255.496 | C100: =C99/B95 -> 447.116 | D100: =D99/D95 -> 239.66571 | E100: =E99/D95 -> 419.41429 | F100: =F99/F95 -> 227.02444 | G100: =G99/F95 -> 397.29333 | H100: =H99/H95 -> 209.4475 | I100: =I99/H95 -> 366.5325 | J100: =J99/J95 -> 199.56067 | K100: =K99/J95 -> 349.23133
A101: Walkup (5+ units) | B101: 115551 | C101: 202214 | D101: 157045 | E101: 274829 | F101: 198427 | G101: 347248 | H101: 261070 | I101: 456873 | J101: 323057 | K101: 565349
A102: Per Square Foot | B102: =B101/B95 -> 231.102 | C102: =C101/B95 -> 404.428 | D102: =D101/D95 -> 224.35 | E102: =E101/D95 -> 392.61286 | F102: =F101/F95 -> 220.47444 | G102: =G101/F95 -> 385.83111 | H102: =H101/H95 -> 217.55833 | I102: =I101/H95 -> 380.7275 | J102: =J101/J95 -> 215.37133 | K102: =K101/J95 -> 376.89933
A103: Elevator (5+ units) | B103: 130254 | C103: 208406 | D103: 182355 | E103: 291769 | F103: 234457 | G103: 375131 | H103: 312609 | I103: 500175 | J103: 390762 | K103: 625219
A104: Per Square Foot | B104: =B103/B95 -> 260.508 | C104: =C103/B95 -> 416.812 | D104: =D103/D95 -> 260.50714 | E104: =E103/D95 -> 416.81286 | F104: =F103/F95 -> 260.50778 | G104: =G103/F95 -> 416.81222 | H104: =H103/H95 -> 260.5075 | I104: =I103/H95 -> 416.8125 | J104: =J103/J95 -> 260.508 | K104: =K103/J95 -> 416.81267
B106: Trenton
B107: SRO/Studio | D107: 1 Bedroom | F107: 2 Bedroom | H107: 3 Bedroom | J107: 4 Bedroom
B108: 500 | D108: 700 | F108: 900 | H108: 1200 | J108: 1500
...

Sheet Inputs
A1: Construction Type | B1: Building Type | C1: Construction Summary | D1: Construction Level | E1: Funding Sources | F1: Funding Source Status | G1: LIHTC Allocation | H1: Repayment Terms | I1: Targeted AMI % | J1: # of Bedrooms | K1: County
A2: New Construction | B2: 1-4 Family | C2: Yes | D2: A. Moderate Rehabilitation | E2: CDBG | F2: Commitment Letter | G2: Awarded | H2: Mandatory | I2: Very Low Rent Limit (30% AMI) | J2: SRO | K2: Atlantic
A3: Rehabilitation | B3: 5+ Units Walk-Up | C3: No | D3: B. Substantial Rehabilitation | E3: Grants | F3: Grant Agreement | G3: Applied For | H3: Percentage of Cash Flow | I3: Low Rent Limit (50% AMI) | J3: 0 | K3: Bergen
A4: Both New & Rehab | B4: 5+ Units Elevator | C4: Preliminary | D4: C. Gut Rehabilitation | E4: Conventional Financing | F4: Note & Mortgage | G4: Not Yet Applied For | H4: Soft | I4: Moderate Rent Limit (60% AMI) | J4: 1 | K4: Burlington
C5: Final | D5: D. New Construction | E5: Deferred Developer Fee | F5: Operating Agreement | G5: Not Applicable | I5: Conditional Moderate Rent Limit (70% AMI) | J5: 2 | K5: Camden
E6: Developer Equity | F6: Resolution | I6: Non-AHTF Units | J6: 3 | K6: Cape May
D7: Major systems are: structural support; roofing; cladding and weatherproofing (e.g., windows, doors, siding, gutters); plumbing; electrical; and HVAC. | E7: Federal Home Loan Bank | F7: Applied For | I7: Super Units | K7: Cumberland
C8: Natural Gas | E8: FHA Financing | F8: Not Yet Applied For | K8: Essex
C9: Electric | E9: Historic Tax Credits | K9: Gloucester
C10: No Central A/C | E10: HOME | I10: Targeted Population | K10: Hudson
E11: LIHTC | I11: Age Restricted/Supportive Housing | K11: Hunterdon
E12: Local Funds | I12: Non-Age Restricted | K12: Mercer
E13: Other HOME | K13: Middlesex
E14: State Funds | K14: Monmouth
E15: Tax-Exempt Revenue Bonds | K15: Morris
E16: Other | K16: Ocean
K17: Passaic
D18: Moderate | K18: Salem
D19: Substantial | K19: Somerset
D20: Gut | K20: Sussex
D21: New | K21: Union
K22: Warren

Sheet Rent Limit Input
A1: UHAC 2025 Affordable Housing Regional Rent Limits by Household Size
C2: Bedrooms
C3: SRO | D3: 0 | E3: 1 | F3: 2 | G3: 3 | H3: 4
A4: Region 1: Bergen, Hudson, Passaic, Sussex | B4: Very Low (30%) | C4: 501 | D4: 668 | E4: 715 | F4: 858 | G4: 992 | H4: 1107
B5: Low (50%) | C5: 834 | D5: 1113 | E5: 1193 | F5: 1431 | G5: 1653 | H5: 1845
B6: Moderate (60%) | C6: 1002 | D6: 1336 | E6: 1431 | F6: 1717 | G6: 1984 | H6: 2214
B7: Moderate (70%) | C7: 1169 | D7: 1559 | E7: 1670 | F7: 2003 | G7: 2315 | H7: 2583
A8: Region 2: Essex, Morris, Union, Warren | B8: Very Low (30%) | C8: 533 | D8: 711 | E8: 761 | F8: 913 | G8: 1055 | H8: 1177
B9: Low (50%) | C9: 888 | D9: 1185 | E9: 1269 | F9: 1438 | G9: 1606 | H9: 1827
B10: Moderate (60%) | C10: 1066 | D10: 1422 | E10: 1523 | F10: 1827 | G10: 2111 | H10: 2355
B11: Moderate (70%) | C11: 1244 | D11: 1659 | E11: 1777 | F11: 2131 | G11: 2463 | H11: 2747
A12: Region 3: Hunterdon, Middlesex, Somerset | B12: Very Low (30%) | C12: 603 | D12: 805 | E12: 863 | F12: 1035 | G12: 1196 | H12: 1335
B13: Low (50%) | C13: 1006 | D13: 1342 | E13: 1438 | F13: 1726 | G13: 1994 | H13: 2225
B14: Moderate (60%) | C14: 1208 | D14: 1611 | E14: 1726 | F14: 2071 | G14: 2393 | H14: 2670
B15: Moderate (70%) | C15: 1409 | D15: 1879 | E15: 2014 | F15: 2416 | G15: 2792 | H15: 3115
A16: Region 4: Mercer, Monmouth, Ocean | B16: Very Low (30%) | C16: 530 | D16: 707 | E16: 757 | F16: 909 | G16: 1055 | H16: 1171
B17: Low (50%) | C17: 883 | D17: 1178 | E17: 1262 | F17: 1515 | G17: 1750 | H17: 1952
B18: Moderate (60%) | C18: 1060 | D18: 1414 | E18: 1515 | F18: 1818 | G18: 2100 | H18: 2343
B19: Moderate (70%) | C19: 1237 | D19: 1650 | E19: 1767 | F19: 2121 | G19: 2450 | H19: 2733
A20: Region 5: Burlington, Camden, Gloucester | B20: Very Low (30%) | C20: 470 | D20: 627 | E20: 672 | F20: 806 | G20: 931 | H20: 1039
B21: Low (50%) | C21: 783 | D21: 1045 | E21: 1120 | F21: 1343 | G21: 1552 | H21: 1732
B22: Moderate (60%) | C22: 940 | D22: 1254 | E22: 1344 | F22: 1612 | G22: 1863 | H22: 2079
B23: Moderate (70%) | C23: 1097 | D23: 1463 | E23: 1568 | F23: 1881 | G23: 2173 | H23: 2425
A24: Region 6: Atlantic, Cape May, Cumberland, Salem | B24: Very Low (30%) | C24: 404 | D24: 539 | E24: 577 | F24: 693 | G24: 801 | H24: 894
B25: Low (50%) | C25: 673 | D25: 898 | E25: 963 | F25: 1156 | G25: 1335 | H25: 1490
B26: Moderate (60%) | C26: 808 | D26: 1078 | E26: 1155 | F26: 1387 | G26: 1602 | H26: 1788
B27: Moderate (70%) | C27: 943 | D27: 1258 | E27: 1348 | F27: 1618 | G27: 1869 | H27: 2086
A29: UHAC_Income Limits.pdf

Sheet Utility Allowance Inputs
A1: HOME Utility Allowances
A3: Single Family Attached | B3: SRO | C3: 0 Bedroom | D3: 1 Bedroom | E3: 2 Bedroom | F3: 3 Bedroom | H3: Single Family Attached
A4: Natural Gas Heat | B4: =ROUNDUP(C4*0.75,0) -> 32 | C4: 42 | D4: 57 | E4: 68 | F4: 85 | H4: Semi-Detached
A5: Electric Heat | B5: =ROUNDUP(C5*0.75,0) -> 46 | C5: 61 | D5: 83 | E5: 99 | F5: 125 | H5: Rowhouse/Townhouse
A6: Natural Gas Cooking | B6: =ROUNDUP(C6*0.75,0) -> 5 | C6: 6 | D6: 7 | E6: 9 | F6: 12 | H6: 5+ Units No Elevator
A7: Electric Cooking | B7: =ROUNDUP(C7*0.75,0) -> 9 | C7: 12 | D7: 16 | E7: 21 | F7: 26 | H7: 5+ Units With Elevator
A8: Other Electricity | B8: =ROUNDUP(C8*0.75,0) -> 32 | C8: 42 | D8: 54 | E8: 72 | F8: 89
A9: Natural Gas Hot Water | B9: =ROUNDUP(C9*0.75,0) -> 6 | C9: 7 | D9: 9 | E9: 12 | F9: 14
A10: Electric Hot Water | B10: =ROUNDUP(C10*0.75,0) -> 12 | C10: 15 | D10: 19 | E10: 25 | F10: 31
A11: Central Air Conditioning | B11: =ROUNDUP(C11*0.75,0) -> 17 | C11: 22 | D11: 28 | E11: 38 | F11: 47
A14: Semi-Detached | B14: SRO | C14: 0 Bedroom | D14: 1 Bedroom | E14: 2 Bedroom | F14: 3 Bedroom
A15: Natural Gas Heat | B15: =ROUNDUP(C15*0.75,0) -> 28 | C15: 37 | D15: 47 | E15: 63 | F15: 78
A16: Electric Heat | B16: =ROUNDUP(C16*0.75,0) -> 41 | C16: 54 | D16: 69 | E16: 92 | F16: 114
A17: Natural Gas Cooking | B17: =ROUNDUP(C17*0.75,0) -> 5 | C17: 6 | D17: 7 | E17: 9 | F17: 12
A18: Electric Cooking | B18: =ROUNDUP(C18*0.75,0) -> 9 | C18: 12 | D18: 16 | E18: 21 | F18: 26
A19: Other Electricity | B19: =ROUNDUP(C19*0.75,0) -> 32 | C19: 42 | D19: 54 | E19: 72 | F19: 89
A20: Natural Gas Hot Water | B20: =ROUNDUP(C20*0.75,0) -> 6 | C20: 7 | D20: 9 | E20: 12 | F20: 14
A21: Electric Hot Water | B21: =ROUNDUP(C21*0.75,0) -> 12 | C21: 15 | D21: 19 | E21: 25 | F21: 31
A22: Central Air Conditioning | B22: =ROUNDUP(C22*0.75,0) -> 10 | C22: 13 | D22: 16 | E22: 22 | F22: 27
A25: Rowhouse/Townhouse | B25: SRO | C25: 0 Bedroom | D25: 1 Bedroom | E25: 2 Bedroom | F25: 3 Bedroom
A26: Natural Gas Heat | B26: =ROUNDUP(C26*0.75,0) -> 24 | C26: 32 | D26: 42 | E26: 57 | F26: 71
A27: Electric Heat | B27: =ROUNDUP(C27*0.75,0) -> 35 | C27: 46 | D27: 62 | E27: 84 | F27: 104
A28: Natural Gas Cooking | B28: =ROUNDUP(C28*0.75,0) -> 5 | C28: 6 | D28: 7 | E28: 9 | F28: 12
A29: Electric Cooking | B29: =ROUNDUP(C29*0.75,0) -> 9 | C29: 12 | D29: 16 | E29: 21 | F29: 26
A30: Other Electricity | B30: =ROUNDUP(C30*0.75,0) -> 32 | C30: 42 | D30: 54 | E30: 73 | F30: 89
A31: Natural Gas Hot Water | B31: =ROUNDUP(C31*0.75,0) -> 6 | C31: 7 | D31: 9 | E31: 12 | F31: 14
A32: Electric Hot Water | B32: =ROUNDUP(C32*0.75,0) -> 12 | C32: 15 | D32: 19 | E32: 25 | F32: 31
A33: Central Air Conditioning | B33: =ROUNDUP(C33*0.75,0) -> 10 | C33: 13 | D33: 16 | E33: 22 | F33: 27
A36: 5+ Units No Elevator | B36: SRO | C36: 0 Bedroom | D36: 1 Bedroom | E36: 2 Bedroom | F36: 3 Bedroom
A37: Natural Gas Heat | B37: =ROUNDUP(C37*0.75,0) -> 26 | C37: 34 | D37: 45 | E37: 60 | F37: 74
A38: Electric Heat | B38: =ROUNDUP(C38*0.75,0) -> 38 | C38: 50 | D38: 66 | E38: 88 | F38: 108
A39: Natural Gas Cooking | B39: =ROUNDUP(C39*0.75,0) -> 5 | C39: 6 | D39: 7 | E39: 9 | F39: 12
A40: Electric Cooking | B40: =ROUNDUP(C40*0.75,0) -> 9 | C40: 12 | D40: 16 | E40: 21 | F40: 26
A41: Other Electricity | B41: =ROUNDUP(C41*0.75,0) -> 32 | C41: 42 | D41: 54 | E41: 72 | F41: 89
A42: Natural Gas Hot Water | B42: =ROUNDUP(C42*0.75,0) -> 6 | C42: 7 | D42: 9 | E42: 12 | F42: 14
A43: Electric Hot Water | B43: =ROUNDUP(C43*0.75,0) -> 12 | C43: 15 | D43: 19 | E43: 25 | F43: 31
A44: Central Air Conditioning | B44: =ROUNDUP(C44*0.75,0) -> 9 | C44: 12 | D44: 15 | E44: 20 | F44: 25
A46: 5+ Units With Elevator | B46: SRO | C46: 0 Bedroom | D46: 1 Bedroom | E46: 2 Bedroom | F46: 3 Bedroom
A47: Natural Gas Heat | B47: =ROUNDUP(C47*0.75,0) -> 25 | C47: 33 | D47: 37 | E47: 44 | F47: 53
A48: Electric Heat | B48: =ROUNDUP(C48*0.75,0) -> 32 | C48: 42 | D48: 52 | E48: 63 | F48: 78
A49: Natural Gas Cooking | B49: =ROUNDUP(C49*0.75,0) -> 5 | C49: 6 | D49: 7 | E49: 9 | F49: 12
A50: Electric Cooking | B50: =ROUNDUP(C50*0.75,0) -> 9 | C50: 12 | D50: 16 | E50: 21 | F50: 26
A51: Other Electricity | B51: =ROUNDUP(C51*0.75,0) -> 32 | C51: 42 | D51: 54 | E51: 72 | F51: 89
A52: Natural Gas Hot Water | B52: =ROUNDUP(C52*0.75,0) -> 6 | C52: 7 | D52: 9 | E52: 12 | F52: 14
A53: Electric Hot Water | B53: =ROUNDUP(C53*0.75,0) -> 12 | C53: 15 | D53: 19 | E53: 25 | F53: 31
A54: Central Air Conditioning | B54: =ROUNDUP(C54*0.75,0) -> 9 | C54: 12 | D54: 15 | E54: 20 | F54: 25
A56: As determined by DCA/HMFA on 9/1/2024
